 Dungeon Crawl Stone Soup version 0.19-a0-1932-g59670f6 (webtiles) character file.

17892 pokedragonboy the Fighter (level 12, 0/103 HPs)
             Began as a Demonspawn Fighter on Oct 25, 2016.
             Was a High Priest of Okawaru.
             Slain by an ice devil (18 damage)
             ... in an ice cave.
             The game lasted 00:37:01 (14064 turns).

pokedragonboy the Fighter (Demonspawn Fighter)     Turns: 14064, Time: 00:37:02

Health: 0/103      AC: 25    Str: 25    XL:     12   Next: 22%
Magic:  0/20       EV: 13    Int: 10    God:    Okawaru [*****.]
Gold:   990        SH:  0    Dex: 15    Spells: 0 memorised, 11 levels left

rFire  + . .     SeeInvis .     B - +2 battleaxe (elec)
rCold  . . .     Gourm    .     G - +1 plate armour
rNeg   . . .     Faith    +     (shield currently unavailable)
rPois  .         Spirit   +     (helmet restricted)
rElec  .         Reflect  .     c - +1 cloak
rCorr  .         Harm     .     a - +2 pair of gloves {Str+3}
MR     .....                    (no boots)
Stlth  ..........               j - amulet of faith
                                v - +3 ring of dexterity
                                q - +3 ring of evasion

@: heroism
A: antennae 2, slimy green scales 1, fire resistance 1, powered by pain 3, magic
shield, magic regeneration
a: Heroism, Finesse, Renounce Religion


You were in an ice cave.
You worshipped Okawaru.
Okawaru was extremely pleased with you.
You were not hungry.

You visited 3 branches of the dungeon, and saw 13 of its levels.
You also visited: Ossuary and Ice Cave.

You collected 990 gold pieces.

Inventory:

Hand Weapons
 B - a +2 battleaxe of electrocution (weapon)
 M - the +11 rapier of the Vendetta {flame, +Fly MR- Int+3 Dex+6}
   (You found it on level 9 of the Dungeon)

   It has been specially enchanted to burn those struck by it, causing extra
   injury to most foes and up to half again as much damage against particularly
   susceptible opponents.
   It affects your intelligence (+3).
   It affects your dexterity (+6).
   It affects your resistance to hostile enchantments.
   It lets you fly.
 N - a +0 morningstar
Missiles
 b - 7 silver javelins
 F - 8 tomahawks (quivered)
Armour
 a - a +2 pair of gloves of strength (worn)
 c - a +1 cloak (worn)
 u - a +0 large shield
 G - a +1 plate armour (worn)
Jewellery
 j - an amulet of faith (around neck)
 q - a +3 ring of evasion (left hand)
 v - a +3 ring of dexterity (right hand)
 z - an uncursed ring of protection from fire
Wands
 d - a wand of slowing (35/48)
 g - a wand of flame (19/48)
 r - a wand of confusion (13/48)
 C - a wand of polymorph (5/24)
 I - a wand of flame (12/48)
Scrolls
 i - 4 scrolls of remove curse
 l - 2 scrolls of fog
 x - 3 scrolls of teleportation
 y - a scroll of immolation
 A - 6 scrolls of identify
 J - 3 scrolls of amnesia
 P - 2 scrolls of magic mapping
Potions
 e - 3 potions of flight
 h - a potion of haste
 k - 2 potions of brilliance
 m - 2 potions of magic
 n - a potion of lignification
 p - a potion of ambrosia
 t - 4 potions of might
 w - a potion of agility
 K - a potion of berserk rage
 O - a potion of cancellation
 S - a potion of invisibility
Miscellaneous
 Q - a disc of storms
Comestibles
 f - 9 bread rations
 E - 31 fruits


   Skills:
 * Level 12.9(17.9) Fighting
 + Level 8.9(13.9) Axes
 + Level 8.7(13.7) Armour
 - Level 2.6(7.6) Shields
 + Level 11.3 Invocations


You had 11 spell levels left.
You didn't know any spells.

Dungeon Overview and Level Annotations

Branches:
Dungeon (9/15)             Temple (1/1) D:4            Lair (3/6) D:8
  Swamp: Lair:2-4    Shoals: Lair:2-4     Snake: Lair:2-4    Spider: Lair:2-4
    Orc: D:9-12

Altars:
Ashenzari
Cheibriados
Dithmenos
Elyvilon
Fedhas
Hepliaklqana
Kikubaaqudgha
Makhleb
Nemelex Xobeh
Okawaru
Qazlal
Ru
Trog
Uskayaw
Xom
Yredelemnul
Zin
The Shining One

Shops:
D:5 =   D:6 :   D:9 %


Innate Abilities, Weirdness & Mutations

You have a pair of antennae on your head.
You are partially covered in slimy green scales. (AC +2)
You are powered by pain.
When hurt, damage is shared between your health and your magic reserves.
You regenerate magic rapidly.
Your flesh is heat resistant. (rF+)


Message History

The ice devil freezes you!
You hit the ice devil.
There is a sudden explosion of sparks!
The ice devil is severely wounded.
The ice devil hits you but does no damage.
You hit the ice devil.
The ice devil is severely wounded.
The ice devil closely misses you.
You hit the ice devil but do no damage.
The ice devil is severely wounded.
The ice devil hits you. The ice devil freezes you!!
* * * LOW HITPOINT WARNING * * *
Okay, then.
You gain the combat prowess of a mighty hero.
The ice devil hits you but does no damage.
You hit the ice devil.
There is a sudden explosion of sparks!
The ice devil is almost dead.
The ice devil hits you!
* * * LOW HITPOINT WARNING * * *
The ice devil freezes you!!
You die...

#.'.......'.#
###.8...8.###
#.'.......'.#
###.8...8.###
#.'.......'.#
###.8...8.###{ #
#.'..)....'.#
#'######'######'#
#........@4.....#
####..#####.8####
##.# ## #.# #.#
#.# #.. ###


You could see an ice devil.

Vanquished Creatures
  Erica (Lair:2)
  Nergalle (Lair:2)
  A necromancer (IceCv)
  Pikel (D:9)
  3 ice statues (IceCv)
  7 spiny frogs
  4 rime drakes
  5 komodo dragons
  7 ice devils (IceCv)
  The ghost of droogie the Transmogrifier, a novice FeTm of Sif Muna (D:8)
  A two-headed ogre (D:7)
  3 hippogriffs
  10 blink frogs (Lair:2)
  Sigmund (D:5)
  5 yaks
  Grum (D:9)
  A basilisk (Lair:1)
  6 water moccasins
  4 porcupines
  An ice beast (D:9)
  4 orc warriors
  Duvessa (D:7)
  A black bear (D:6)
  A sky beast (D:6)
  4 ogres
  2 centaurs (D:6)
  A phantom (D:5)
  4 wolves (D:9)
  4 crocodiles
  2 big kobolds
  6 bullfrogs
  Dowan (D:7)
  3 scorpions
  2 wights (D:9)
  A howler monkey (D:4)
  A crimson imp (D:6)
  A bullfrog zombie (D:7)
  2 quasits
  A centaur zombie (D:7)
  A draconian simulacrum (IceCv)
  5 hounds
  4 jellies
  A bullfrog skeleton (D:8)
  2 iguanas (D:4)
  3 orc priests
  A centaur skeleton (D:9)
  4 orc wizards
  Ijyb (D:2)
  Jessica (D:2)
  Terence (D:2)
  2 troll simulacra (IceCv)
  4 worker ants
  2 centaur simulacra (IceCv)
  3 mummies (Ossuary)
  A hound zombie (D:7)
  A hound skeleton (D:4)
  A worker ant zombie (D:8)
  3 naga simulacra (IceCv)
  A river rat (D:8)
  4 adders
  2 ogre simulacra (IceCv)
  2 shadow imps
  An ooze (D:5)
  An adder skeleton (D:5)
  2 worms (D:3)
  5 leopard geckos
  28 orcs
  A ball python (D:8)
  12 bats
  6 giant cockroaches
  2 gnoll zombies (Ossuary)
  5 goblins
  6 hobgoblins
  11 jackals
  3 quokkas
  4 frilled lizards
  A gnoll skeleton (Ossuary)
  2 goblin skeletons (Ossuary)
  5 goblin zombies (Ossuary)
  2 hobgoblin skeletons (Ossuary)
  3 hobgoblin zombies (Ossuary)
  9 kobolds
  4 kobold skeletons (Ossuary)
  4 kobold zombies (Ossuary)
  A leopard gecko skeleton (D:6)
  2 orc skeletons (Ossuary)
  An orc zombie (Ossuary)
  13 rats
  2 rat skeletons (Ossuary)
  3 rat zombies (Ossuary)
  A butterfly (Lair:1)
  7 fungi
  5 plants
308 creatures vanquished.

Vanquished Creatures (others)
  Menkaure (Ossuary)
  2 slaves (D:9)
  A centaur skeleton (D:9)
  A howler monkey zombie (D:9)
  A leopard gecko (D:9)
  4 kobolds (D:9)
  A gnoll skeleton (Ossuary)
  A gnoll zombie (Ossuary)
  2 goblin skeletons (Ossuary)
  A goblin zombie (Ossuary)
  3 hobgoblin skeletons (Ossuary)
  3 hobgoblin zombies (Ossuary)
  2 kobold skeletons (Ossuary)
  An orc skeleton (Ossuary)
  An orc zombie (Ossuary)
  3 rat skeletons (Ossuary)
  A rat zombie (Ossuary)
  9 fungi
  4 plants
42 creatures vanquished.

Grand Total: 350 creatures vanquished

Notes
Turn   | Place    | Note
-------+----------+-------------------------------------------
     0 | D:1      | pokedragonboy the Demonspawn Fighter began the quest for the Orb.
     0 | D:1      | Reached XP level 1. HP: 18/18 MP: 1/1
   359 | D:1      | Gained mutation: When hurt, damage is shared between your health and your magic reserves. [demonic ancestry]
   359 | D:1      | Reached XP level 2. HP: 24/24 MP: 2/2
   668 | D:1      | Found a shimmering altar of Xom.
   674 | D:1      | Found a glowing silver altar of Zin.
   674 | D:1      | Found a bloodstained altar of Trog.
   678 | D:1      | Found a hazy altar of Hepliaklqana.
   678 | D:1      | Found a stormy altar of Qazlal.
   678 | D:1      | Found a shadowy altar of Dithmenos.
   797 | D:2      | Noticed Terence
   840 | D:2      | Killed Terence
   840 | D:2      | Gained mutation: You have a pair of small antennae on your head. [demonic ancestry]
   840 | D:2      | Reached XP level 3. HP: 27/30 MP: 3/3
   889 | D:2      | Noticed Ijyb
   897 | D:2      | Killed Ijyb
   897 | D:2      | Reached skill level 4 in Fighting
   897 | D:2      | Gained mutation: You are partially covered in slimy green scales. (AC +2) [demonic ancestry]
   897 | D:2      | Reached XP level 4. HP: 35/37 MP: 4/4
  1267 | D:2      | Noticed Jessica
  1273 | D:2      | Killed Jessica
  1538 | D:3      | Reached XP level 5. HP: 41/43 MP: 5/5
  1854 | D:3      | Found a sacrificial altar of Ru.
  1995 | D:4      | Found a staircase to the Ecumenical Temple.
  2006 | D:4      | Reached skill level 5 in Fighting
  2025 | Temple   | Entered the Ecumenical Temple
  2048 | Temple   | Became a worshipper of Warmaster Okawaru
  2252 | D:4      | Found an iron altar of Okawaru.
  2380 | D:4      | Found a sand-covered staircase.
  2390 | Ossuary  | Entered an ossuary
  2477 | Ossuary  | Killed Menkaure
  2702 | Ossuary  | Gained mutation: You sometimes gain a little power by taking damage. [demonic ancestry]
  2702 | Ossuary  | Reached XP level 6. HP: 42/51 MP: 4/6
  2827 | D:4      | Gained mutation: You are resistant to electric shocks. (rElec) [potion of mutation]
  2827 | D:4      | Gained mutation: You are mostly covered in slimy green scales. (AC +3) [potion of mutation]
  2827 | D:4      | Gained mutation: Your magical capacity is low. (-10% MP) [potion of mutation]
  2841 | D:4      | Reached skill level 1 in Invocations
  3454 | D:5      | Entered Level 5 of the Dungeon
  3484 | D:5      | Found Raubb's Jewellery Emporium.
  3601 | D:5      | Reached * piety under Okawaru
  3608 | D:5      | Gained mutation: You regenerate magic rapidly. [demonic ancestry]
  3608 | D:5      | Reached XP level 7. HP: 36/57 MP: 1/7
  3897 | D:5      | Noticed Sigmund
  3919 | D:5      | Killed Sigmund
  3919 | D:5      | Reached skill level 6 in Fighting
  4534 | D:6      | Lost mutation: Your magical capacity is low. (-10% MP) [potion of cure mutation]
  4534 | D:6      | Lost mutation: You are mostly covered in slimy green scales. (AC +3) [potion of cure mutation]
  4534 | D:6      | Lost mutation: You are resistant to electric shocks. (rElec) [potion of cure mutation]
  4566 | D:6      | Reached ** piety under Okawaru
  4952 | D:6      | Found Qoumunor's Book Boutique.
  5038 | D:6      | Gained mutation: You have a pair of antennae on your head. [demonic ancestry]
  5038 | D:6      | Reached XP level 8. HP: 60/65 MP: 11/11
  5047 | D:6      | Reached skill level 7 in Fighting
  5724 | D:6      | Reached skill level 5 in Invocations
  5905 | D:7      | Reached skill level 5 in Axes
  5925 | D:7      | Found a stormy altar of Qazlal.
  6151 | D:7      | Reached skill level 5 in Armour
  6191 | D:7      | Found a bloodstained altar of Trog.
  6199 | D:7      | Noticed a two-headed ogre
  6206 | D:7      | Killed a two-headed ogre
  6287 | D:7      | Reached *** piety under Okawaru
  6303 | D:7      | Found a white marble altar of Elyvilon.
  6303 | D:7      | Found a glowing silver altar of Zin.
  6303 | D:7      | Found a glowing golden altar of the Shining One.
  6431 | D:7      | Noticed Duvessa
  6431 | D:7      | Noticed Dowan
  6444 | D:7      | Killed Duvessa
  6444 | D:7      | Reached skill level 8 in Fighting
  6453 | D:7      | Killed Dowan
  6617 | D:7      | Reached XP level 9. HP: 61/74 MP: 11/13
  6897 | D:8      | Noticed droogie's ghost (novice FeTm)
  6908 | D:8      | Killed droogie's ghost
  6960 | D:8      | Reached **** piety under Okawaru
  7104 | D:8      | Found a staircase to the Lair.
  7135 | D:8      | Reached skill level 9 in Fighting
  7436 | D:8      | Found a sparkling altar of Nemelex Xobeh.
  7898 | D:9      | Noticed Grum
  7914 | D:9      | Killed Grum
  8063 | D:9      | Found Nemag's Food Boutique.
  8237 | D:9      | Reached ***** piety under Okawaru
  8237 | D:9      | Gained mutation: You sometimes gain power by taking damage. [demonic ancestry]
  8237 | D:9      | Reached XP level 10. HP: 75/85 MP: 13/15
  8324 | D:9      | Noticed Pikel
  8327 | D:9      | Killed Pikel
  8327 | D:9      | Reached skill level 10 in Fighting
  8465 | D:9      | Got a crystal rapier
  8466 | D:9      | Identified the +11 rapier of the Vendetta {flame, +Fly MR- Int+3 Dex+6} (You found it on level 9 of the Dungeon)
  8981 | Lair:1   | Entered Level 1 of the Lair of Beasts
  8982 | Lair:1   | Noticed a spiny frog
  8989 | Lair:1   | Killed a spiny frog
  9035 | Lair:1   | Noticed a spiny frog
  9044 | Lair:1   | Killed a spiny frog
  9273 | Lair:1   | Received a gift from Okawaru
  9486 | Lair:1   | Reached skill level 11 in Fighting
  9885 | Lair:1   | Noticed a spiny frog
  9892 | Lair:1   | Killed a spiny frog
  9927 | Lair:1   | Reached XP level 11. HP: 61/93 MP: 16/18
 10160 | Lair:1   | Gained mutation: Your flesh is heat resistant. (rF+) [potion of beneficial mutation]
 11151 | Lair:2   | Noticed Nergalle
 11158 | Lair:2   | Killed Nergalle
 11158 | Lair:2   | Received a gift from Okawaru
 11158 | Lair:2   | Reached skill level 10 in Invocations
 11298 | Lair:2   | Reached skill level 12 in Fighting
 11625 | Lair:2   | Noticed Erica
 11651 | Lair:2   | Killed Erica
 12480 | Lair:3   | Reached ****** piety under Okawaru
 12571 | Lair:3   | Found a frozen archway.
 12597 | IceCv    | Entered an ice cave
 12786 | IceCv    | Received a gift from Okawaru
 12789 | IceCv    | Gained mutation: You are powered by pain. [demonic ancestry]
 12789 | IceCv    | Reached XP level 12. HP: 72/103 MP: 13/20
 13118 | IceCv    | Received a gift from Okawaru
 14064 | IceCv    | Slain by an ice devil

Vault maps used:
D:1:      lemuel_arrival_tunnels, doesnt_xom_only_xom
D:2:      uniq_jessica, uniq_iyjb, uniq_terence
D:3:      nicolae_ru_path_of_blood
D:4:      chequers_ossuary_entry_cave, okawaru_gym_becter
D:5:      serial_shops, nicolae_shop_window_shopping, first_bread,
          serial_park_tiny_2, uniq_sigmund
D:6:      serial_shops, shop_coins, sigmund_army
D:7:      good_gods_mini_temple, nicolae_qazlal_general_emergency,
          trog_three_pillars_becter, uniq_duvessa
D:8:      kennysheep_mini, grunt_lair_entry_orc_guard_hut,
          serial_bayou_lagoon_a, blue_anna_alchemist
D:9:      serial_shops, nicolae_shop_trees, uniq_pikel, uniq_grum
Temple:   eino_wide_crystal_templ
Lair:1:   lemuel_fruit_fields, serial_bayou_shore_b
Lair:2:   uniq_erica, uniq_nergalle
Lair:3:   portal_ice_cave_rime
Ossuary:  ossuary_due_pyramid
IceCv:    ice_cave_tombish

Skill      XL: |  1  2  3  4  5  6  7  8  9 10 11 |
---------------+----------------------------------+-----
Axes           | 2 3 4 5 6 7 8 |  8.9
Armour         | 3 4 5 6 7 8 |  8.7
Fighting       | 4 5 6 8 9 11 12 | 12.9
Invocations    | 2 4 5 7 9 11 | 11.3
Shields        | |  2.6

Action                   |  1- 3 |  4- 6 |  7- 9 | 10-12 || total
-------------------------+-------+-------+-------+-------++-------
Melee: War axe           |   105 |   233 |   188 |       ||   526
       Battleaxe         |       |       |   177 |   352 ||   529
Invok: Heroism           |       |     1 |     3 |    10 ||    14
       Finesse           |       |       |       |     2 ||     2
Evoke: Wand              |       |       |     1 |     5 ||     6
  Use: Potion            |     4 |     4 |     7 |    11 ||    26
       Scroll            |     2 |    11 |     3 |     8 ||    24
 Stab: Distracted        |       |       |     1 |       ||     1
  Eat: Chunk             |       |     9 |     4 |     8 ||    21
       Meat ration       |       |       |     2 |     1 ||     3
       Pizza             |       |       |     1 |       ||     1
       Beef jerky        |       |       |       |     2 ||     2
       Bread ration      |       |       |       |     1 ||     1
Armor: Scale mail        |    40 |    78 |   178 |       ||   296
       Plate armour      |       |       |    78 |   213 ||   291
       Skin              |       |       |     4 |       ||     4
Dodge: Dodged            |    27 |    59 |   257 |   183 ||   526
Block: Shield            |    46 |    31 |       |       ||    77
       Large shield      |       |   107 |   189 |       ||   296
